 Dungeon Crawl Stone Soup version 0.21.1-1-g345015f (webtiles) character file.

112 tidbits the Digger (level 4, -5/32 HPs)
             Began as a Gnoll Earth Elementalist on Feb 8, 2018.
             Killed by divine providence
             ... invoked by an orc priest
              (13 damage)
             ... on level 4 of the Dungeon.
             The game lasted 00:04:19 (349 turns).

tidbits the Digger (Gnoll Earth Elementalist)        Turns: 349, Time: 00:04:20

Health: -5/32      AC:  2    Str: 15    XL:     4   Next: 95%
Magic:  11/11      EV: 15    Int: 18    God:
Gold:   78         SH:  0    Dex: 16    Spells: 10/13 levels left

rFire    . . .     SeeInvis .   a - +1 dagger (venom)
rCold    . . .     Gourm    .   (no shield)
rNeg     . . .     Faith    .   d - +0 robe
rPois    .         Spirit   .   (no helmet)
rElec    .         Reflect  .   (no cloak)
rCorr    .         Harm     .   (no gloves)
MR       .....                  (no boots)
Stlth    +++.......             (no amulet)
HPRegen  0.10/turn              (no ring)
MPRegen  0.12/turn              (no ring)

@: mighty
A: distributed training, fangs 1, strong nose
a: no special abilities


You were on level 4 of the Dungeon.
You were not hungry.

You visited 1 branch of the dungeon, and saw 5 of its levels.

You collected 78 gold pieces.

Inventory:

Hand Weapons
 a - a +1 dagger of venom (weapon)
   (You found it on level 3 of the Dungeon)
 f - a +0 hand axe of electrocution
   (You found it on level 2 of the Dungeon)
 g - a +0 hunting sling
 h - a +0 long sword
Missiles
 b - 27 stones (quivered)
Armour
 d - a +0 robe (worn)
Wands
 k - a wand of polymorph (10)
Scrolls
 l - a scroll of remove curse
Potions
 j - a potion of might
Books
 e - a book of Geomancy

   Spells                             Type                      Level
   a - Sandblast                      Earth                        1
   b - Passwall                       Transmutation/Earth          2
   c - Stone Arrow                    Conjuration/Earth            3
   d - Petrify                        Transmutation/Earth          4
   e - Lee's Rapid Deconstruction     Earth                        5
Comestibles
 c - a ration


   Skills:
 + Level 1.2 Fighting
 + Level 1.2 Short Blades
 + Level 1.2 Long Blades
 + Level 1.2 Axes
 + Level 1.2 Maces & Flails
 + Level 1.2 Polearms
 + Level 1.2 Staves
 + Level 1.2 Slings
 + Level 1.2 Bows
 + Level 1.2 Crossbows
 + Level 1.2 Throwing
 + Level 1.2 Armour
 + Level 4.7 Dodging
 + Level 4.3 Stealth
 + Level 1.2 Shields
 + Level 1.2 Unarmed Combat
 + Level 5.1 Spellcasting
 + Level 1.0 Conjurations
 + Level 1.0 Hexes
 + Level 1.0 Charms
 + Level 1.0 Summonings
 + Level 1.0 Necromancy
 + Level 1.0 Translocations
 + Level 2.3 Transmutations
 + Level 1.0 Fire Magic
 + Level 1.0 Ice Magic
 + Level 1.0 Air Magic
 + Level 5.5 Earth Magic
 + Level 1.0 Poison Magic
 + Level 1.4 Invocations
 + Level 1.2 Evocations


You had 10 spell levels left.
You knew the following spells:

 Your Spells              Type           Power        Failure   Level  Hunger
a - Sandblast             Erth           ###...       1%          1    None
p - Passwall              Tmut/Erth      ###.......   4%          2    #......


Dungeon Overview and Level Annotations

Branches:
Dungeon (5/15)
 Temple: D:4-7

Altars:
Nemelex Xobeh
Trog

Annotations:
D:4 Agrougrou's ghost, amateur OpTm


Innate Abilities, Weirdness & Mutations

Your experience applies equally to all skills.
You have very sharp teeth.
Your uncanny sense of smell can sniff out nearby items.


Message History

You feel aware of your surroundings.
You sensed 1 altar.
An ogre comes into view. It is wielding a giant club.
The ogre shouts!
A wight comes into view. It is wielding a mace.
Things that are here:
a fuming orange potion; 21 gold pieces
i - a fuming orange potion You now have 78 gold pieces (gained 21).
Found a stone staircase leading up.
There is a stone staircase leading up here.
You climb upwards.
You hear the sound of rushing water.
There is an entrance to a sewer on this level.
Hurry and find it before the portal rusts away!
Level annotation: Agrougrou's ghost, amateur OpTm You hear the slow rusting of a very distant drain.
There is a stone staircase leading down here.
Unknown command.
A jackal and an orc come into view.
The orc moves out of view.
An orc comes into view.
The orc shouts!
An orc comes into view. It is wielding a hand axe.
The orc shouts! x2
An orc comes into view. It is wielding an enchanted whip.
The orc shouts!
You hear an angry hiss.
An orc priest comes into view.
Found 8 gold pieces.
Casting: Sandblast
Confirm with . or Enter, or press ? or * to list all spells.
Aiming: Sandblast
Press: ? - help, Shift-Dir - straight line, f - orc
Aim: an orc, wearing a leather armour The blast of sand hits the orc.
The orc is severely wounded.
b - 29 stones The orc barely misses you.
Casting: Sandblast
Confirm with . or Enter, or press ? or * to list all spells.
Aiming: Sandblast
Press: ? - help, Shift-Dir - straight line, f/p - orc
Aim: an orc, wearing a leather armour (severely wounded)
The blast of sand hits the orc.
You kill the orc!
b - 28 stones A frilled lizard comes into view.
Things that are here:
a leather armour; an orc corpse You hit the orc but do no damage.
The orc is poisoned.
The orc completely misses you.
You closely miss the orc. The orc misses you.
You hit the orc.
The orc looks even sicker.
The orc is moderately wounded.
The orc hits you.
You hit the orc.
The orc is almost dead.
You kill the orc!
You barely miss the orc. The orc closely misses you.
Unknown command.
A jackal comes into view.
Casting: Sandblast
Confirm with . or Enter, or press ? or * to list all spells.
Aiming: Sandblast
Press: ? - help, Shift-Dir - straight line, f - orc
Aim: an orc, wielding a hand axe and wearing a ring mail The blast of sand hits the orc.
b - 27 stones You hear a shout!
The orc hits you with a hand axe.
You hear a bark!
You hear an angry hiss. x2
You hit the orc but do no damage.
The orc is poisoned.
You hear a bark!
You hear a shout! x2
The jackal moves out of view.
You hit the orc.
The orc is moderately wounded.
The orc closely misses you.
You closely miss the orc.
The orc is heavily wounded.
The orc closely misses you.
It was a potion of magic.
Magic courses through your body. The frilled lizard bites you.
* * * LOW HITPOINT WARNING * * *
Unknown command.
You feel very mighty all of a sudden. The frilled lizard closely misses you.
The orc misses you. The orc closely misses you.
Unknown command.
You hit the orc but do no damage.
The orc looks as sick as possible!
You kill the orc!
The frilled lizard bites you.
* * * LOW HITPOINT WARNING * * *
The orc hits you with an enchanted whip.
* * * LOW HITPOINT WARNING * * *
Unknown command.
You hit the orc.
The orc is poisoned.
You kill the orc!
The frilled lizard closely misses you.
You closely miss the orc priest. The frilled lizard barely misses you.
The orc priest mumbles some strange prayers to Beogh against you.
Beogh smites you!
You die...

,,,,,,,,,,,,,,,,,,,*,,...###....#
,,,,,,,,,*******,,,,...,.....##.#
,,,,,,,,,,******,,,#..,......,...
********#.#.,,,.,,,..,*..........
,,,,,,,,....###.,,..,,,....l.....
,,,,,,,,,.l.....**.#,,,..#....##.
,,,,,,,,,,.o...#*#.#<,##......*,.
,,,,,,,,,**#...##l.#.$.#*##.h.,,.
********** #.o.#@)...#,* **,,,,,
#...#o##....# **,,,,,
#o..[.#*,,..#***,,,,,,
###...####,,,,.,,,,,,,,,
#........#,,,,,,,,,,,,,,
#......^.#.,,,,,,***,,,,
#..........h,∆,,,**,,,,,
#...........,,∆***,,,,,,
###..####.....,,,,,,,*,,,,


You could see an orc priest and a frilled lizard.

Vanquished Creatures
  A crimson imp (D:5)
  An orc wizard (D:3)
  A worker ant (D:4)
  A leopard gecko (D:2)
  8 orcs
  A bat (D:2)
  2 giant cockroaches
  A goblin (D:2)
  A hobgoblin (D:2)
  3 quokkas
  A frilled lizard (D:2)
21 creatures vanquished.

Notes
Turn   | Place    | Note
-------+----------+-------------------------------------------
     0 | D:1      | tidbits the Gnoll Earth Elementalist began the quest for the Orb.
     0 | D:1      | Reached XP level 1. HP: 13/13 MP: 6/6
    33 | D:1      | You fall through a shaft!
    39 | D:2      | Reached skill level 2 in Transmutations
    62 | D:2      | Reached XP level 2. HP: 19/19 MP: 0/7
    66 | D:2      | Learned a level 2 spell: Passwall
    73 | D:2      | Noticed a howler monkey
   101 | D:2      | Found a bloodstained altar of Trog.
   182 | D:3      | Found a sparkling altar of Nemelex Xobeh.
   217 | D:3      | Reached skill level 5 in Spellcasting
   217 | D:3      | Reached XP level 3. HP: 17/25 MP: 7/9
   225 | D:3      | Reached skill level 1 in Invocations
   271 | D:4      | Noticed Agrougrou's ghost (amateur OpTm)
   275 | D:4      | Reached skill level 1 in Fighting
   275 | D:4      | Reached skill level 1 in Short Blades
   275 | D:4      | Reached skill level 1 in Long Blades
   275 | D:4      | Reached skill level 1 in Axes
   275 | D:4      | Reached skill level 1 in Maces & Flails
   275 | D:4      | Reached skill level 1 in Polearms
   275 | D:4      | Reached skill level 1 in Staves
   275 | D:4      | Reached skill level 1 in Slings
   275 | D:4      | Reached skill level 1 in Bows
   275 | D:4      | Reached skill level 1 in Crossbows
   275 | D:4      | Reached skill level 1 in Throwing
   275 | D:4      | Reached skill level 1 in Armour
   275 | D:4      | Reached skill level 1 in Shields
   275 | D:4      | Reached skill level 1 in Unarmed Combat
   275 | D:4      | Reached skill level 1 in Evocations
   275 | D:4      | Reached XP level 4. HP: 18/32 MP: 11/11
   289 | D:5      | Entered Level 5 of the Dungeon
   295 | D:5      | Reached skill level 1 in Conjurations
   295 | D:5      | Reached skill level 1 in Hexes
   295 | D:5      | Reached skill level 1 in Charms
   295 | D:5      | Reached skill level 1 in Summonings
   295 | D:5      | Reached skill level 1 in Necromancy
   295 | D:5      | Reached skill level 1 in Translocations
   295 | D:5      | Reached skill level 1 in Fire Magic
   295 | D:5      | Reached skill level 1 in Ice Magic
   295 | D:5      | Reached skill level 1 in Air Magic
   295 | D:5      | Reached skill level 1 in Poison Magic
   308 | D:5      | Noticed an ogre
   349 | D:4      | Killed from afar by an orc priest

Skill      XL: |  1  2  3  4 |
---------------+-------------+-----
Transmutations | 2 |  2.3
Spellcasting   | 5 |  5.1
Invocations    | 1 |  1.4
Fighting       | 1 |  1.2
Short Blades   | 1 |  1.2
Long Blades    | 1 |  1.2
Axes           | 1 |  1.2
Maces & Flails | 1 |  1.2
Polearms       | 1 |  1.2
Staves         | 1 |  1.2
Slings         | 1 |  1.2
Bows           | 1 |  1.2
Crossbows      | 1 |  1.2
Throwing       | 1 |  1.2
Armour         | 1 |  1.2
Shields        | 1 |  1.2
Unarmed Combat | 1 |  1.2
Evocations     | 1 |  1.2
Conjurations   | 1 |  1.0
Hexes          | 1 |  1.0
Charms         | 1 |  1.0
Summonings     | 1 |  1.0
Necromancy     | 1 |  1.0
Translocations | 1 |  1.0
Fire Magic     | 1 |  1.0
Ice Magic      | 1 |  1.0
Air Magic      | 1 |  1.0
Poison Magic   | 1 |  1.0
Dodging        | |  4.7
Stealth        | |  4.3
Earth Magic    | |  5.5

Action                   |  1- 3 |  4- 6 || total
-------------------------+-------+-------++-------
Melee: Dagger            |     7 |    11 ||    18
       Unarmed           |    21 |       ||    21
       Bite              |     1 |     2 ||     3
 Cast: Sandblast         |    10 |     5 ||    15
       Passwall          |     1 |       ||     1
  Use: Potion            |     1 |     2 ||     3
       Scroll            |     3 |     1 ||     4
 Stab: Sleeping          |     1 |       ||     1
Armor: Skin              |    19 |       ||    19
Dodge: Dodged            |    10 |    11 ||    21

Table legend:
 A = Turns spent in this place as a percentage of turns spent in the entire game.
 B = Non-inter-level travel turns spent in this place as a percentage of non-inter-level travel turns spent in the entire game.
 C = Inter-level travel turns spent in this place as a percentage of turns spent in this place.
 D = Turns resting spent in this place as a percentage of non-inter-level travel turns spent in this place.
 E = Turns spent auto-exploring this place as a percentage of non-inter-level travel turns spent in this place.
 F = Non-inter-level travel turns spent in this place divided by the number of levels of this place that you've seen.
                   A       B       C       D       E      F
               +-------+-------+-------+-------+-------+----------------------
         Total | 100.0 | 100.0 |   0.0 |   0.0 |   0.0 |  69.8
       Dungeon | 100.0 | 100.0 |   0.0 |   0.0 |   0.0 |  69.8
               +-------+-------+-------+-------+-------+----------------------

Table legend:
 A = Kills in this place as a percentage of kills in entire the game.
 B = Kills by you in this place as a percentage of kills by you in the entire game.
 C = Kills by friends in this place as a percentage of kills by friends in the entire game.
 D = Other kills in this place as a percentage of other kills in the entire game.
 E = Experience gained in this place as a percentage of experience gained in the entire game.
 F = Experience gained in this place divided by the number of levels of this place that you have seen.
                   A       B       C       D       E      F
               +-------+-------+-------+-------+-------+----------------------
         Total | 100.0 | 100.0 |   N/A |   N/A | 100.0 |  32.2
       Dungeon | 100.0 | 100.0 |   N/A |   N/A | 100.0 |  32.2
               +-------+-------+-------+-------+-------+----------------------

Vault maps used:
D:1:      sevenhm_arrival_forest_fort_small_5
D:2:      cheibrodos_old_hovel, bloody_trog
D:3:      lemuel_round_altar, lemuel_round_altar, nemelex_altar_shiori,
          minmay_misc_feat_square, uniq_crazy_yiuf_cottage, uniq_ijyb
D:4:      cheibrodos_sewer_entry_bend
D:5:      zin_statuary, first_ration, grunt_decor_cap
